 Dungeon Crawl Stone Soup version 0.30-a0-50-gb2d611f6b1 (webtiles) character file.

Game seed: 11247622200629879718

348 Destapler the Cudgeller (level 6, -12/56 HPs)
             Began as a Minotaur Berserker on Sept 3, 2022.
             Was a Believer of Trog.
             Killed by an exploding scorpion (24 damage)
             ... ignited by their inner flame
             ... on level 4 of the Dungeon.
             The game lasted 00:04:09 (3082 turns).

Destapler the Cudgeller (Minotaur Berserker)        Turns: 3082, Time: 00:04:10

Health: -12/56     AC:  8    Str: 23    XL:     6   Next: 33%
Magic:  5/5        EV: 12    Int:  4    God:    Trog [**....]
Gold:   164        SH:  0    Dex: 10    Spells: 5/5 levels left

rFire   . . .      SeeInvis .    a - +0 mace
rCold   . . .      Faith    .    (no shield)
rNeg    . . .      Spirit   .    n - +1 ring mail
rPois   .          Reflect  .    (helmet restricted)
rElec   .          Harm     .    (no cloak)
rCorr   .          Rampage  .    (no gloves)
Will    .....                    o - +0 pair of boots
Stlth   ..........               (no amulet)
HPRegen 0.18/turn                (no ring)
MPRegen 0.09/turn                (no ring)

@: about to teleport
A: horns 2, retaliatory headbutt
a: Renounce Religion, Berserk, Trog's Hand


You were on level 4 of the Dungeon.
You worshipped Trog.
Trog was pleased with you.
You visited 1 branch of the dungeon, and saw 4 of its levels.

You collected 164 gold pieces.

Inventory:

Hand Weapons
 a - a +0 mace (weapon)
Armour
 n - a +1 ring mail (worn)
 o - a +0 pair of boots (worn)
Wands
 j - a wand of polymorph (6)
Scrolls
 c - a scroll of amnesia {unknown}
 e - 2 scrolls of identify {unknown}
 f - a scroll of teleportation
 i - a scroll of noise
 p - 2 scrolls of enchant armour
Potions
 b - a potion of brilliance {unknown}
 d - a potion of resistance {unknown}
 g - a potion of invisibility {unknown}
 h - 2 potions of heal wounds {unknown}
 k - a potion of magic {unknown}
 l - a potion of curing {unknown}
 m - a potion of mutation {unknown}


   Skills:
 + Level 5.2 Fighting
 + Level 5.3 Maces & Flails
 + Level 4.5 Armour
 + Level 4.2 Dodging


You had 5 spell levels left.
You didn't know any spells.
Your spell library contained the following spells:

 Spells                   Type           Power      Damage    Failure   Level
 Call Canine Familiar     Summ           0%         N/A       95%         3
 Portal Projectile        Hex/Tloc       0%         N/A       95%         3
 Leda's Liquefaction      Hex/Erth       0%         N/A       100%        4


Dungeon Overview and Level Annotations

Branches:
Dungeon (4/15)
 Temple: D:4-7

Altars:


Innate Abilities, Weirdness & Mutations

You have a pair of horns on your head.
You reflexively headbutt those who attack you in melee.


Message History

Found a stone staircase leading down and a stone staircase leading up.
There is a stone staircase leading up here.
As you read the scroll labelled JYMONU YPIOCWA, it crumbles to dust.
The creatures around you are filled with an inner flame!
It was a scroll of immolation.
The phantom barely misses you.
As you read the scroll labelled YJONKE VAVOBIF, it crumbles to dust.
It is a scroll of enchant armour.
Your +0 ring mail glows green for a moment.
The scorpion closely misses you. The phantom barely misses you.
As you read the scroll labelled KICAONLORIA, it crumbles to dust.
You hear a loud clanging noise!
It was a scroll of noise.
Something shouts, "Slither away, thou lumpish motley-minded deadneck!"
You hear an angry hiss. x2; You hear a shout!
The scorpion barely misses you. The phantom hits you.
As you read the scroll labelled NOKLEVUAGH, it crumbles to dust.
You feel strangely unstable.
It was a scroll of teleportation.
The scorpion stings you but does no damage.
The phantom closely misses you. The orc wizard casts a spell at you.
The magic dart hits you. The orc closely misses you.
Okay, then.
The scorpion stings you but does no damage.
The phantom hits you but does no damage.
The orc closely misses you. You furiously retaliate!
You headbutt the orc! Trog accepts your kill.
The orc explodes!
The fiery explosion engulfs the scorpion!!
Trog accepts your kill. The fiery explosion engulfs you!!
Ouch! That really hurt!
* * * LOW HITPOINT WARNING * * *
The fiery explosion engulfs the phantom!!!
Trog accepts your kill.
The phantom explodes!
The fiery explosion engulfs you.
* * * LOW HITPOINT WARNING * * *
The scorpion explodes!
The fiery explosion engulfs you!!
You die...

#. .... ##.
..<## #...
....## .....
##..>..
.....##.....
..........#
.....§o§§§#
.....§§@§§#
.....§§§###
..)..o§##
.......
.......
.......
.......
.......


You could see an orc wizard (inner flame) and an orc (inner flame).

Vanquished Creatures
  Grinder (D:3)
  A phantom (D:4)
  A scorpion (D:4)
  Terence (D:2)
  4 gnolls (D:2)
  2 adders (D:3)
  A worm (D:2)
  3 dart slugs
  4 orcs
  6 ball pythons
  7 endoplasms
  3 giant cockroaches
  5 goblins
  11 hobgoblins
  7 jackals
  2 quokkas
  5 bats
  A frilled lizard (D:1)
  3 kobolds
  10 rats
78 creatures vanquished.

Vanquished Creatures (others)
  10 plants (D:2)
10 creatures vanquished.

Grand Total: 88 creatures vanquished

Notes
Turn   | Place    | Note
-------+----------+-------------------------------------------
     0 | D:1      | Destapler the Minotaur Berserker began the quest for the
                  | Orb.
     0 | D:1      | Reached XP level 1. HP: 19/19 MP: 0/0
   274 | D:1      | Reached XP level 2. HP: 23/27 MP: 1/1
   336 | D:1      | Found a faded altar of an unknown god.
   521 | D:1      | Reached XP level 3. HP: 33/33 MP: 2/2
   535 | D:1      | Reached ** piety under Trog
  1011 | D:2      | Noticed Terence
  1060 | D:2      | Killed Terence
  1454 | D:2      | Reached XP level 4. HP: 40/40 MP: 3/3
  2326 | D:3      | Reached XP level 5. HP: 40/47 MP: 4/4
  2393 | D:3      | Noticed Grinder
  2404 | D:3      | Paralysed by Grinder for 2 turns
  2416 | D:3      | Killed Grinder
  2417 | D:3      | Reached skill level 5 in Fighting
  2417 | D:3      | Reached skill level 5 in Maces & Flails
  2417 | D:3      | Reached XP level 6. HP: 39/56 MP: 5/5
  3082 | D:4      | Killed by an exploding scorpion... ignited by their inner
                  | flame

Illustrated notes

Levels and vault maps discovered:
D:1:      heliophobic_arrival_henge, layout_loops_ring,
          chequers_ecumenical_altar_island, amethyst_killhole,
          hangedman_decor_push
D:2:      layout_basic, serial_bayou_ford_a,
          nicolae_concentric_dashed_squares_wild, uniq_terence
D:3:      layout_loops_ring, guppyfry_early_orc_mine, uniq_grinder
D:4:      layout_cave_pools, nicolae_wu_jian_glorious_leap,
          gup_sewer_entry_bowl, uniq_edmund, uniq_natasha, uniq_eustachio

Skill      XL: |  1  2  3  4  5 |
---------------+----------------+-----
Maces & Flails | 4 5 |  5.3
Fighting       | 4 5 |  5.2
Armour         | 3 4 |  4.5
Dodging        | 3 4 |  4.2

Action                   |  1- 3 |  4- 6 || total
-------------------------+-------+-------++-------
Melee: Mace              |    62 |   100 ||   162
       Headbutt          |     6 |    12 ||    18
       Punch             |     1 |     1 ||     2
       Unarmed           |    16 |       ||    16
Invok: Berserk           |     3 |     1 ||     4
  Use: Scroll            |       |     4 ||     4
Armor: Animal skin       |    10 |     1 ||    11
       Ring mail         |       |    35 ||    35
Dodge: Dodged            |    46 |    57 ||   103

Table legend: (Time is in decaauts)
 A = Elapsed time spent in this place.
 B = Non-inter-level travel time spent in this place.
 C = Inter-level travel time spent in this place.
 D = Time resting spent in this place.
 E = Time spent auto-exploring this place.
 F = Levels seen in this place.
 G = Mean time per level.
                   A        B        C        D        E       F      G
               +--------+--------+--------+--------+--------+-----+--------+
         Total |   3151 |   3071 |     80 |    187 |   2425 |   4 |  787.8 |
       Dungeon |   3151 |   3071 |     80 |    187 |   2425 |   4 |  787.8 |
               +--------+--------+--------+--------+--------+-----+--------+

Top non-repeatable levels by time:
     D:2: 1176 daAuts
     D:1: 999 daAuts
     D:3: 970 daAuts
     D:4: 4 daAuts
